| TOP OF THE 1ST |
|
Bristol Bees batting - Pitching for Pulaski Counts : RHP Mike Birkbeck
|
|
Pitching: RHP Mike Birkbeck
|
|
|
Batting: RHB Tracy Jones
|
0-0: Ball 1-0: Ground out U3 (Groundball, 34S, EV 70.0 MPH)
|
|
Batting: SHB Stan Jefferson
|
0-0: Called Strike 0-1: Foul Ball, location: 2F 0-2: Ball 1-2: Ball 2-2: Ball 3-2: Strikes out swinging
|
|
Batting: LHB Joe Orsulak
|
0-0: Fly out, F7 (Flyball, 7LS, EV 84.4 MPH)
|
| Top of the 1st over - 0 runs, 0 hits, 0 errors, 0 left on base; Bristol 0 - Pulaski 0 |
| BOTTOM OF THE 1ST |
|
Pulaski Counts batting - Pitching for Bristol Bees : RHP Kelly Anderson
|
|
Pitching: RHP Kelly Anderson
|
|
|
Batting: RHB Eric Jones
|
0-0: Ball 1-0: Foul Ball, location: 2F 1-1: Foul Ball, location: 2F 1-2: Ball 2-2: TRIPLE (Flyball, 9D, EV 106.3 MPH)
|
|
Batting: RHB Brett Benza
|
0-0: Called Strike 0-1: Hit by Pitch
|
|
Batting: LHB Claudio Rodriguez
|
0-0: Ball Brett Benza steals 2nd base 1-0: Called Strike 1-1: Ball 2-1: Ground out 4-3 (Groundball, 4MS, EV 75.6 MPH) Eric Jones scores Brett Benza to third
|
|
Batting: SHB Steve Walker
|
0-0: Foul Ball, location: 2F 0-1: Ball 1-1: Ball 2-1: Ball 3-1: Base on Balls
|
|
Batting: RHB Jeffrey Ahlert
|
0-0: Ball 1-0: Called Strike 1-1: Ball 2-1: Fly out, F8 (Flyball, 8RD, EV 105.0 MPH) Runner from 3rd tags up, SCORES, no throw by CF
|
|
Batting: RHB Scott Beals
|
0-0: Ball 1-0: Ball Wild Pitch! Steve Walker to second 2-0: Called Strike 2-1: Ball 3-1: Base on Balls
|
|
Batting: RHB Dario Vasquez
|
0-0: Fly out, F4 (Popup, 4, EV 70.0 MPH)
|
| Bottom of the 1st over - 2 runs, 1 hit, 0 errors, 2 left on base; Bristol 0 - Pulaski 2 |
| TOP OF THE 2ND |
|
Bristol Bees batting - Pitching for Pulaski Counts : RHP Mike Birkbeck
|
|
Batting: SHB Dale Sveum
|
0-0: SINGLE (Groundball, 56D, EV 94.4 MPH)
|
|
Batting: RHB Glenallen Hill
|
0-0: Ball 1-0: Ball 2-0: Swinging Strike 2-1: Fly out, F7 (Flyball, 7S, EV 95.6 MPH)
|
|
Batting: SHB Bernie Tatis
|
0-0: Ball 1-0: Swinging Strike 1-1: Called Strike 1-2: Foul Ball, location: 2F 1-2: Strikes out looking
|
|
Batting: RHB Fred Williams
|
0-0: Ball 1-0: Ball Dale Sveum steals 2nd base 2-0: Called Strike 2-1: Ground out 4-3 (Groundball, 4, EV 99.4 MPH)
|
| Top of the 2nd over - 0 runs, 1 hit, 0 errors, 1 left on base; Bristol 0 - Pulaski 2 |
| BOTTOM OF THE 2ND |
|
Pulaski Counts batting - Pitching for Bristol Bees : RHP Kelly Anderson
|
|
Batting: RHB Edwin Marquez
|
0-0: Called Strike 0-1: Ball 1-1: Ball 2-1: Foul Ball, location: 2F 2-2: Foul Ball, location: 2F 2-2: Ball 3-2: Fly out, F8 (Line Drive, 8LD, EV 89.4 MPH)
|
|
Batting: RHB Charles Doolittle
|
0-0: Called Strike 0-1: Ball 1-1: Ball 2-1: SINGLE (Groundball, 6D, EV 101.9 MPH)
|
|
Batting: RHB Eric Jones
|
0-0: Called Strike 0-1: Foul Ball, location: 2F 0-2: Ball 1-2: Ball Charles Doolittle steals 2nd base (no throw) 2-2: Ball 3-2: Ground out 6-3 (Groundball, 6, EV 88.1 MPH) Charles Doolittle to third
|
|
Batting: RHB Brett Benza
|
0-0: Fly out, F3 (Popup, 3S, EV 66.3 MPH)
|
| Bottom of the 2nd over - 0 runs, 1 hit, 0 errors, 1 left on base; Bristol 0 - Pulaski 2 |
| TOP OF THE 3RD |
|
Bristol Bees batting - Pitching for Pulaski Counts : RHP Mike Birkbeck
|
|
Batting: RHB John Frierson
|
0-0: Ball 1-0: Ball 2-0: Called Strike 2-1: Ball 3-1: Foul Ball, location: 2F 3-2: SINGLE (Groundball, 34D, EV 105.6 MPH)
|
|
Batting: RHB Juan Burgos
|
0-0: Called Strike 0-1: Ball 1-1: Foul Ball, location: 2F 1-2: Ball 2-2: Ball 3-2: Fielders Choice at 2nd, 2-6 (Groundball, 2R, EV 66.3 MPH)
|
|
Batting: RHB Tracy Jones
|
0-0: Ball 1-0: Called Strike 1-1: Ball 2-1: Ball 3-1: Called Strike 3-2: Fielders Choice at 2nd, 1-6 (Groundball, 13, EV 68.1 MPH)
|
|
Batting: SHB Stan Jefferson
|
0-0: Ball 1-0: Called Strike Tracy Jones is caught stealing 2nd base 2-6
|
| Top of the 3rd over - 0 runs, 1 hit, 0 errors, 0 left on base; Bristol 0 - Pulaski 2 |
| BOTTOM OF THE 3RD |
|
Pulaski Counts batting - Pitching for Bristol Bees : RHP Kelly Anderson
|
|
Batting: LHB Claudio Rodriguez
|
0-0: Foul Ball, location: 2F 0-1: Swinging Strike 0-2: Foul Ball, location: 2F 0-2: Fly out, F6 (Flyball, 56D, EV 96.3 MPH)
|
|
Batting: SHB Steve Walker
|
0-0: Called Strike 0-1: Ground out 5-3 (Groundball, 5, EV 85.6 MPH)
|
|
Batting: RHB Jeffrey Ahlert
|
0-0: Ball 1-0: Foul Ball, location: 2F 1-1: Swinging Strike 1-2: Ground out 5-3 (Groundball, 56S, EV 68.1 MPH)
|
| Bottom of the 3rd over - 0 runs, 0 hits, 0 errors, 0 left on base; Bristol 0 - Pulaski 2 |
| TOP OF THE 4TH |
|
Bristol Bees batting - Pitching for Pulaski Counts : RHP Mike Birkbeck
|
|
Batting: SHB Stan Jefferson
|
0-0: Ball 1-0: Called Strike 1-1: Ball 2-1: Ball 3-1: Base on Balls
|
|
Batting: LHB Joe Orsulak
|
0-0: Ball Stan Jefferson is caught stealing 2nd base 2-6 1-0: Ball 2-0: Called Strike 2-1: Called Strike 2-2: Ball 3-2: Strikes out swinging
|
|
Batting: SHB Dale Sveum
|
0-0: Ball 1-0: Foul Ball, location: 2F 1-1: Called Strike 1-2: Ground out 6-3 (Groundball, 6, EV 76.3 MPH)
|
| Top of the 4th over - 0 runs, 0 hits, 0 errors, 0 left on base; Bristol 0 - Pulaski 2 |
| BOTTOM OF THE 4TH |
|
Pulaski Counts batting - Pitching for Bristol Bees : RHP Kelly Anderson
|
|
Batting: RHB Scott Beals
|
0-0: Called Strike 0-1: Foul Ball, location: 2F 0-2: Foul Ball, location: 2F 0-2: Ball 1-2: Strikes out looking
|
|
Batting: RHB Dario Vasquez
|
0-0: Called Strike 0-1: Swinging Strike 0-2: Foul Ball, location: 2F 0-2: Strikes out swinging
|
|
Batting: RHB Edwin Marquez
|
0-0: Swinging Strike 0-1: Foul Ball, location: 2F 0-2: Ground out 3-1 (Groundball, 34, EV 81.9 MPH)
|
| Bottom of the 4th over - 0 runs, 0 hits, 0 errors, 0 left on base; Bristol 0 - Pulaski 2 |
| TOP OF THE 5TH |
|
Bristol Bees batting - Pitching for Pulaski Counts : RHP Mike Birkbeck
|
|
Batting: RHB Glenallen Hill
|
0-0: Called Strike 0-1: SOLO HOME RUN (Flyball, 7D, EV 106.9 MPH), Distance : 373 ft
|
|
Batting: SHB Bernie Tatis
|
0-0: Swinging Strike 0-1: Foul Ball, location: 2F 0-2: Fly out, F8 (Line Drive, 8LM, EV 111.3 MPH)
|
|
Batting: RHB Fred Williams
|
0-0: Foul Ball, location: 2F 0-1: Fly out, F3 (Flyball, 34D, EV 86.9 MPH)
|
|
Batting: RHB John Frierson
|
0-0: Ball 1-0: Swinging Strike 1-1: Called Strike 1-2: Strikes out looking
|
| Top of the 5th over - 1 run, 1 hit, 0 errors, 0 left on base; Bristol 1 - Pulaski 2 |
| BOTTOM OF THE 5TH |
|
Pulaski Counts batting - Pitching for Bristol Bees : RHP Kelly Anderson
|
|
Batting: RHB Charles Doolittle
|
0-0: Called Strike 0-1: Foul Ball, location: 2F 0-2: Ball 1-2: Ball 2-2: Strikes out swinging
|
|
Batting: RHB Eric Jones
|
0-0: SINGLE (Line Drive, 6MD, EV 105.6 MPH)
|
|
Batting: RHB Brett Benza
|
0-0: Called Strike 0-1: Ball 1-1: Ball 2-1: Foul Ball, location: 2F 2-2: Ball 3-2: Foul Ball, location: 2F 3-2: Fly out, F7 (Flyball, 7LS, EV 88.1 MPH)
|
|
Batting: LHB Claudio Rodriguez
|
0-0: Ball 1-0: Ball 2-0: Fly out, F7 (Flyball, 7S, EV 84.4 MPH)
|
| Bottom of the 5th over - 0 runs, 1 hit, 0 errors, 1 left on base; Bristol 1 - Pulaski 2 |
| TOP OF THE 6TH |
|
Bristol Bees batting - Pitching for Pulaski Counts : RHP Mike Birkbeck
|
|
Batting: RHB Juan Burgos
|
0-0: Ball 1-0: Foul Ball, location: 2F 1-1: Foul Ball, location: 2F 1-2: Ball 2-2: Ground out 4-3 (Groundball, 4, EV 87.5 MPH)
|
|
Batting: RHB Tracy Jones
|
0-0: Ball 1-0: Ball 2-0: Foul Ball, location: 2F 2-1: Fly out, F7 (Flyball, 7S, EV 86.9 MPH)
|
|
Batting: SHB Stan Jefferson
|
0-0: Ball 1-0: SINGLE (Groundball, 4MD, EV 104.4 MPH)
|
|
Batting: LHB Joe Orsulak
|
0-0: Ball Stan Jefferson is caught stealing 2nd base 2-6
|
| Top of the 6th over - 0 runs, 1 hit, 0 errors, 0 left on base; Bristol 1 - Pulaski 2 |
| BOTTOM OF THE 6TH |
|
Pulaski Counts batting - Pitching for Bristol Bees : RHP Kelly Anderson
|
|
Batting: SHB Steve Walker
|
0-0: Called Strike 0-1: Ball 1-1: Ground out 6-3 (Groundball, 6, EV 77.5 MPH)
|
|
Batting: RHB Jeffrey Ahlert
|
0-0: Ball 1-0: Ball 2-0: Ball 3-0: Called Strike 3-1: Base on Balls
|
|
Batting: RHB Scott Beals
|
0-0: SINGLE (Groundball, 56D, EV 106.9 MPH) Jeffrey Ahlert to second
|
|
Batting: RHB Dario Vasquez
|
0-0: Called Strike 0-1: Grounds into double play, 6-4-3 (Groundball, 56D, EV 100.0 MPH)
|
| Bottom of the 6th over - 0 runs, 1 hit, 0 errors, 1 left on base; Bristol 1 - Pulaski 2 |
| TOP OF THE 7TH |
|
Bristol Bees batting - Pitching for Pulaski Counts : RHP Mike Birkbeck
|
|
Batting: LHB Joe Orsulak
|
0-0: Foul Ball, location: 2F 0-1: Ball 1-1: Ball 2-1: Called Strike 2-2: Strikes out looking
|
|
Batting: SHB Dale Sveum
|
0-0: Ball 1-0: Ball 2-0: Fly out, F7 (Flyball, 78S, EV 83.1 MPH)
|
|
Batting: RHB Glenallen Hill
|
0-0: Fly out, F8 (Line Drive, 8LD, EV 88.8 MPH)
|
| Top of the 7th over - 0 runs, 0 hits, 0 errors, 0 left on base; Bristol 1 - Pulaski 2 |
| BOTTOM OF THE 7TH |
|
Pulaski Counts batting - Pitching for Bristol Bees : RHP Kelly Anderson
|
|
Batting: RHB Edwin Marquez
|
0-0: Foul Ball, location: 2F 0-1: Foul Ball, location: 2F 0-2: Ball 1-2: Ball 2-2: Ground out 5-3 (Groundball, 56, EV 88.1 MPH)
|
|
Batting: RHB Charles Doolittle
|
0-0: Fly out, F3 (Popup, 3, EV 72.5 MPH)
|
|
Batting: RHB Eric Jones
|
0-0: Fly out, F8 (Flyball, 8RD, EV 104.4 MPH)
|
| Bottom of the 7th over - 0 runs, 0 hits, 0 errors, 0 left on base; Bristol 1 - Pulaski 2 |
| TOP OF THE 8TH |
|
Bristol Bees batting - Pitching for Pulaski Counts : RHP Mike Birkbeck
|
|
Batting: SHB Bernie Tatis
|
0-0: Called Strike 0-1: Fly out, F8 (Line Drive, 8LD, EV 93.1 MPH)
|
|
Batting: RHB Fred Williams
|
0-0: Called Strike 0-1: Ball 1-1: Fly out, F8 (Flyball, 8RD, EV 81.9 MPH)
|
|
Batting: RHB John Frierson
|
0-0: Called Strike 0-1: Ball 1-1: Ball 2-1: Foul Ball, location: 2F 2-2: Strikes out looking
|
| Top of the 8th over - 0 runs, 0 hits, 0 errors, 0 left on base; Bristol 1 - Pulaski 2 |
| BOTTOM OF THE 8TH |
|
Pulaski Counts batting - Pitching for Bristol Bees : RHP Kelly Anderson
|
|
Batting: RHB Brett Benza
|
0-0: Ball 1-0: Ground out 4-3 (Groundball, 4, EV 81.3 MPH)
|
|
Batting: LHB Claudio Rodriguez
|
0-0: Foul Ball, location: 2F 0-1: Foul Ball, location: 2F 0-2: Ball 1-2: Ball 2-2: Ball 3-2: Foul Ball, location: 2F 3-2: SINGLE (Line Drive, 56, EV 100.6 MPH)
|
|
Batting: SHB Steve Walker
|
0-0: Called Strike 0-1: Ball 1-1: Ball 2-1: Swinging Strike 2-2: Strikes out swinging
|
|
Pitching: RHP Kevin Fehr
|
|
|
Batting: RHB Jeffrey Ahlert
|
0-0: Called Strike 0-1: Foul Ball, location: 2F 0-2: Strikes out looking
|
| Bottom of the 8th over - 0 runs, 1 hit, 0 errors, 1 left on base; Bristol 1 - Pulaski 2 |
| TOP OF THE 9TH |
|
Bristol Bees batting - Pitching for Pulaski Counts : RHP Mike Birkbeck
|
|
Pitching: RHP Dennis Gadowski
|
|
|
Now at 2B: Darrell Baugh
|
|
|
Now in LF: Elias Guzman
|
|
|
Pinch Hitting: LHB Doug Snyder
|
0-0: Ball 1-0: SINGLE (Flyball, 89D, EV 90.0 MPH)
|
|
Batting: RHB Tracy Jones
|
0-0: Ball 1-0: Ball 2-0: Ball 3-0: Called Strike 3-1: Fly out, F7 (Flyball, 7S, EV 89.4 MPH)
|
|
Batting: SHB Stan Jefferson
|
0-0: Swinging Strike 0-1: Ground out 6-3 (Groundball, 56, EV 100.6 MPH) Doug Snyder to second
|
|
Batting: LHB Joe Orsulak
|
0-0: Ball 1-0: Swinging Strike 1-1: Fly out, F6 (Popup, 15S, EV 78.8 MPH)
|
| Top of the 9th over - 0 runs, 1 hit, 0 errors, 1 left on base; Bristol 1 - Pulaski 2 |
|